 Dungeon Sprint DCSS version 0.27.1 (webtiles) character file.

Game seed: 1945844946547100989

1634 styxcanada the Imperceptible (level 8, -12/44 HPs)
             Began as a Spriggan Brigand on Sept 5, 2021.
             Was an Initiate of Gozag.
             Mangled by a death yak (22 damage)
             ... in the Dungeon (Sprint VII: "The Pits").
             The game lasted 00:08:12 (1006 turns).

styxcanada the Imperceptible (Spriggan Brigand)     Turns: 1006, Time: 00:08:13

Health: -12/44     AC:  6    Str:  7    XL:     8   Next: 66%
Magic:  9/9        EV: 20    Int: 12    God:    Gozag
Gold:   1233       SH:  0    Dex: 19    Spells: 7/7 levels left

rFire    + . .     SeeInvis +   v - +2 scimitar "Death Rattle" {spect, *Rage rF+ rC++}
rCold    + + .     Faith    .   (shield restricted)
rNeg     . . .     Spirit   .   b - +0 robe
rPois    .         Reflect  .   (helmet restricted)
rElec    .         Harm     .   c - +0 cloak
rCorr    .         Rampage  .   (gloves unavailable)
Will     +....     Rnd*Rage +   (boots unavailable) Stlth ++++++++..NoTele +
                                (no amulet)
HPRegen  0.14/turn              t - +3 ring of protection
MPRegen  0.11/turn              (no ring)

@: lethally poisoned (-12 -> -15), very slightly contaminated, constricted,
invisible, very quick
A: very small, no large weapons, unfitting armour, see invisible, speed 3
a: Renounce Religion, Potion Petition, Call Merchant, Bribe Branch


You were in the Dungeon.
You worshipped Gozag.
Gozag was most pleased with you.
You visited 1 branch You collected 1233 gold pieces.

Inventory:

Hand Weapons
 a - a +2 dagger
 p - a +1 dagger of electrocution
 q - a +2 long sword of holy wrath
 r - a +1 mace of protection
 v - the +2 scimitar "Death Rattle" (weapon) {spect, *Rage rF+ rC++}
   (You found it in the Dungeon)

   When its wielder attacks, the weapon's spirit leaps out and strikes again.
   The spirit shares a part of any damage it takes with its wielder.
   rF:        It protects you from fire.
   rC:        It greatly protects you from cold.
   *Rage:     It may make you go berserk in combat.
Missiles
 d - 15 poisoned darts (quivered)
 e - 2 curare-tipped darts
 m - 9 stones
Armour
 b - a +0 robe (worn)
 c - a +0 cloak (worn)
Jewellery
 s - a +3 ring of intelligence
 t - a +3 ring of protection (left hand)
Scrolls
 k - a scroll of blinking
 n - 5 scrolls of amnesia
 o - a scroll of summoning
Potions
 f - 6 potions of curing
 g - 10 potions of heal wounds
 h - 2 potions of haste
 i - 4 potions of magic
 j - 4 potions of berserk rage
 l - a potion of invisibility
 u - 2 potions of brilliance


   Skills:
 * Level 6.0 Fighting
 + Level 5.0 Short Blades
 + Level 5.9 Throwing
 * Level 8.9 Dodging
 * Level 21.6 Stealth


You had 7 spell levels left.
You didn't know any spells.
Your spell library was empty.

Dungeon Overview and Level Annotations

Branches:
Dungeon (1/1)

Altars:
Ashenzari
Cheibriados
Dithmenos
Elyvilon
Fedhas
Gozag
Hepliaklqana
Kikubaaqudgha
Makhleb
Nemelex Xobeh
Okawaru
Qazlal
Ru
Sif Muna
Trog
Uskayaw
Vehumet
Wu Jian
Xom
Yredelemnul
Zin
The Shining One
Beogh
Jiyva
Lugonu


Innate Abilities, Weirdness & Mutations

You are very small and have problems with some larger weapons.
You are too small for most types of armour.
You have supernaturally acute eyesight. (SInv)
You cover ground extremely quickly. (Speed+++)


Message History

The nagas go into a battle-frenzy!
You hear a bellow!
Something shouts, "Attack, my pets!
Attack!"
The naga mage shouts!
You hear a shout! x2; You hear a bellow!
Found a +0 robe, a +6 ring of intelligence and a +0 war axe.
A death yak, a swamp dragon, a yaktaur and a vampire knight come into view.
Found a +4 scale mail of poison resistance.
The death yak bellows!
The yaktaur shouts!
You hear a deafening roar!
The swamp dragon roars deafeningly!
You hear a deafening roar!
There is an open door here.
You slash the naga warrior!
The naga warrior is lightly wounded.
The yaktaur misses you.
You riposte.
You slash the yaktaur!
The yaktaur is lightly wounded.
Unknown command.
You slash the death yak!
The death yak is lightly wounded.
The naga mage misses you. The death yak barely misses you.
You riposte.
You hit the death yak but do no damage.
The death yak is lightly wounded.
The naga warrior hits you with a +0 long sword!
The naga warrior grabs you. The naga warrior constricts you.
Your magic is already full.
You fade into invisibility!
The death yak gores you!
The vampire knight casts a spell.
The vampire knight seems to speed up.
The naga warrior spits poison at you.
The splash of poison hits you but does no damage.
You are poisoned.
The naga warrior constricts you.
* * * LOW HITPOINT WARNING * * *
You hear an angry hiss.
You are very lightly contaminated with residual magic.
The naga warrior blocks your attack.
The naga warrior is lightly wounded.
You feel sick. The death yak gores you!!
Ouch! That really hurt!
You die...
Your body crumbles into a pile of gold.

#....................+ $
#....................+
#..################..#
#..# #N# #.#..# $$ #..#
#9# #D##..# #..# #N# #V#
#..# #..# #Y# #c# #..# $$
#..# #N#Y# #..#
#..#########@######..#
#####....................#
__.##....................#
__.###########''##########
...###########''######
##'##................#
)'.##......#..#......#
##.##................+
....'....)...........+


You could see a naga warrior (catching breath), 2 death yaks, a vampire knight
(fast), a swamp dragon, a naga ritualist (strong), a yaktaur, a naga mage
(strong) and a gargoyle.

Vanquished Creatures
  A shadow wraith (D)
  Pikel (D)
  A jumping spider (D)
  Duvessa (D)
  2 kobold brigands (D)
  A bullfrog (D)
  A scorpion (D)
  A quasit (D)
  A jelly (D)
  An adder (D)
  A river rat (D)
  An ufetubus (D)
  An orc (D)
  A bat zombie (D)
  2 kobolds (D)
  2 quokkas (D)
  3 ball pythons (D)
  A ball python skeleton (D)
  A bat (D)
24 creatures vanquished.

Notes
Turn   | Place    | Note
-------+----------+-------------------------------------------
     0 | D        | styxcanada the Spriggan Brigand began the quest for the
                  | Orb.
     0 | D        | Reached XP level 1. HP: 10/10 MP: 2/2
    22 | D        | Reached skill level 6 in Stealth
    25 | D        | Found a bloodstained altar of Trog.
    25 | D        | Found a shimmering blue altar of Sif Muna.
    25 | D        | Found a viscous altar of Jiyva.
    25 | D        | Found a hazy altar of Hepliaklqana.
    25 | D        | Found an opulent altar of Gozag.
    26 | D        | Found a glowing golden altar of the Shining One.
    26 | D        | Found a glowing silver altar of Zin.
    26 | D        | Found a basalt altar of Yredelemnul.
    26 | D        | Found a shimmering altar of Xom.
    26 | D        | Found an ornate altar of the Wu Jian Council.
    26 | D        | Found a sacrificial altar of Ru.
    26 | D        | Found a stormy altar of Qazlal.
    26 | D        | Found an iron altar of Okawaru.
    26 | D        | Found a sparkling altar of Nemelex Xobeh.
    26 | D        | Found a burning altar of Makhleb.
    26 | D        | Found a blossoming altar of Fedhas.
    26 | D        | Found a white marble altar of Elyvilon.
    26 | D        | Found a shadowy altar of Dithmenos.
    26 | D        | Found a snail-covered altar of Cheibriados.
    27 | D        | Found a radiant altar of Vehumet.
    27 | D        | Found a corrupted altar of Lugonu.
    28 | D        | Found an ancient bone altar of Kikubaaqudgha.
    28 | D        | Found a hide-covered altar of Uskayaw.
    28 | D        | Found a broken altar of Ashenzari.
    30 | D        | Became a worshipper of Gozag Ym Sagoz the Greedy
   189 | D        | Reached skill level 7 in Stealth
   205 | D        | Reached XP level 2. HP: 15/15 MP: 3/3
   211 | D        | Reached skill level 8 in Stealth
   337 | D        | Reached skill level 10 in Stealth
   337 | D        | Reached XP level 3. HP: 19/19 MP: 4/4
   448 | D        | Noticed a kobold brigand
   449 | D        | Noticed a scorpion
   477 | D        | Killed a scorpion
   478 | D        | Reached skill level 12 in Stealth
   478 | D        | Reached XP level 4. HP: 11/24 MP: 5/5
   497 | D        | Killed a kobold brigand
   498 | D        | Reached skill level 14 in Stealth
   498 | D        | Reached XP level 5. HP: 23/28 MP: 6/6
   594 | D        | Noticed Duvessa
   596 | D        | Killed Duvessa
   597 | D        | Reached skill level 5 in Dodging
   597 | D        | Reached skill level 15 in Stealth
   597 | D        | Reached XP level 6. HP: 33/33 MP: 7/7
   599 | D        | Noticed a shadow wraith
   605 | D        | Killed a shadow wraith
   606 | D        | Reached skill level 5 in Fighting
   606 | D        | Reached skill level 5 in Throwing
   606 | D        | Reached skill level 19 in Stealth
   606 | D        | Reached XP level 7. HP: 39/39 MP: 8/8
   609 | D        | Noticed Pikel
   611 | D        | Killed Pikel
   612 | D        | Reached skill level 20 in Stealth
   612 | D        | Reached XP level 8. HP: 44/44 MP: 9/9
   617 | D        | Reached skill level 21 in Stealth
   731 | D        | Noticed a jumping spider
   735 | D        | Killed a jumping spider
   736 | D        | Reached skill level 5 in Short Blades
   786 | D        | Got the +2 scimitar "Death Rattle" {spect, *Rage rF+ rC++}
  1001 | D        | Noticed a death yak
  1001 | D        | Noticed a gargoyle
  1001 | D        | Noticed a naga warrior
  1001 | D        | Noticed a naga ritualist
  1001 | D        | Noticed a naga mage
  1002 | D        | Noticed a death yak
  1002 | D        | Noticed a swamp dragon
  1002 | D        | Noticed a vampire knight
  1002 | D        | Noticed a yaktaur
  1006 | D        | Mangled by a death yak

Illustrated notes

Levels and vault maps discovered:
D:        pitsprint [storerooms_1, entrance_room_1, metal_vault_3, armoury_1,
          mini_pit_1, grid_room_1, main_hall_1, silver_pit, the_coven_1,
          the_vestibule_1, steel_vault_3, golden_pit, hallway_of_sentries,
          crystal_vault_2, iron_vault_2, final_vault]

Skill      XL: |  1  2  3  4  5  6  7  8 |
---------------+-------------------------+-----
Stealth        | 7 10 12 14 15 19 20 21 | 21.6
Dodging        | 2 4 5 7 8 |  8.9
Fighting       | 2 3 4 5 6 |  6.0
Short Blades   | 3 4 5 |  5.0
Throwing       | 3 5 |  5.9

Action                   |  1- 3 |  4- 6 |  7- 9 || total
-------------------------+-------+-------+-------++-------
Melee: Dagger            |    26 |    14 |     7 ||    47
       Scimitar          |       |       |     3 ||     3
Throw: Dart              |     9 |     2 |       ||    11
       Stone             |       |     2 |       ||     2
  Use: Potion            |     1 |     1 |     1 ||     3
 Stab: Sleeping          |     3 |     1 |     7 ||    11
       Distracted        |     1 |     2 |       ||     3
Armor: Robe              |     5 |       |     1 ||     6
Dodge: Dodged            |    29 |     8 |     3 ||    40
       Rpst.: Scimitar   |       |       |     2 ||     2
